 Dungeon Crawl Stone Soup version 0.31-a0-986-g5e6e4ef867 (webtiles) character file.

Game seed: 10474708441084151097

26 Kauriferous the Shield-Bearer (level 2, -1/27 HPs)
             Began as a Minotaur Fighter on Nov 2, 2023.
             Slain by a gnoll
             ... wielding a +0 spear
              (7 damage)
             ... on level 2 of the Dungeon on Nov 3, 2023.
             The game lasted 00:03:03 (792 turns).

Kauriferous the Shield-Bearer (Minotaur Fighter)     Turns: 792, Time: 00:03:04

Health: -1/27      AC:  7    Str: 20    XL:     2   Next: 89%
Magic:  1/1        EV:  9    Int:  5    God:
Gold:   24         SH:  4    Dex:  9    Spells: 1/1 levels left

rFire   + . .        a - +0 war axe
rCold   + . .        c - +0 buckler
rNeg    . . .        b - +0 scale mail
rPois   .            (helmet restricted)
rElec   .            f - scarf {rC+ rF+}
rCorr   .            (no gloves)
SInv    .            (no boots)
Will    .....        (no amulet) Stlth
                     (no ring)
HPRegen 0.24/turn    (no ring)
MPRegen 0.07/turn

%: no passive effects
@: no status effects
A: horns 2, retaliatory headbutt
a: no special abilities


You were on level 2 of the Dungeon.
You visited 1 branch of the dungeon, and saw 2 of its levels.

You collected 24 gold pieces.

Inventory:

Hand Weapons
 a - a +0 war axe (weapon)
Armour
 b - a +0 scale mail (worn)
 c - a +0 buckler (worn)
 f - a scarf of resistance (worn)
Scrolls
 e - 2 scrolls of teleportation {unknown}
 g - 2 scrolls of poison {unknown}
 h - 2 scrolls of identify {unknown}
 j - a scroll of enchant armour {unknown}
Potions
 d - a potion of might
 i - a potion of enlightenment {unknown}


   Skills:
 + Level 4.0 Fighting
 + Level 2.9 Axes
 + Level 4.0 Armour
 + Level 4.0 Shields


You had one spell level left.
You didn't know any spells.
Your spell library was empty.

Dungeon Overview and Level Annotations

Branches:
Dungeon (2/15)

Altars:


Innate Abilities, Weirdness & Mutations

You have a pair of horns on your head.
You reflexively headbutt those who attack you in melee.


Message History

HP restored.
i - a pink potion Welcome back, Kauriferous the Minotaur Fighter.
Press ? for a list of commands and other information.
Found a stone staircase leading up.
j - a scroll labelled XANWAD UGUTRO
Found 4 stones.
You see here 4 stones.
A dart slug and a giant cockroach come into view.
The dart slug launches a dart at you. The slug dart misses you.
The giant cockroach moves out of view.
You hit the giant cockroach.
The giant cockroach is almost dead.
The giant cockroach misses you.
You slash the giant cockroach!
You kill the giant cockroach!
A dart slug is nearby!
The dart slug launches a dart at you. The slug dart hits you.
The dart slug barely misses you.
You slash the dart slug!
You kill the dart slug!
A gnoll comes into view. It is wielding a +0 spear.
The gnoll shouts!
You hear a shout! x3
A gnoll comes into view. It is wielding a +0 club.
A gnoll comes into view. It is wielding a +0 flail.
Found 8 gold pieces.
A gnoll comes into view. It is wielding a +0 whip.
The gnoll hits you from afar with a +0 spear.
A dart slug comes into view.
Found 5 poisoned darts.
The gnoll barely misses you. You furiously retaliate!
You headbutt the gnoll. You hit the gnoll. Your headbutt misses the gnoll.
The gnoll is severely wounded.
You barely miss the gnoll. The gnoll hits you with a +0 club.
The gnoll hits you with a +0 spear. x2; The gnoll hits you with a +0 flail.
* * * LOW HITPOINT WARNING * * *
You block the gnoll's attack.
The gnoll hits you from afar with a +0 spear!
You die...

........#
###.....##
#......####...#####
#......##...###
#......##.###
#........(#
#......####
###..### #..# #.@#
#..#
......ggg......
..........w....
....##.g#...(..
###. ...#...... #
........... .....
.$... ...... .....


You could see 4 gnolls.

Vanquished Creatures
  A worm (D:2)
  A dart slug (D:2)
  2 bats (D:1)
  3 giant cockroaches
  A goblin (D:1)
  2 hobgoblins (D:1)
  2 kobolds (D:1)
  5 ball pythons (D:1)
  A frilled lizard (D:1)
  A rat (D:1)
19 creatures vanquished.

Notes
Turn   | Place    | Note
-------+----------+-------------------------------------------
     0 | D:1      | Kauriferous the Minotaur Fighter began the quest for the
                  | Orb.
     0 | D:1      | Reached XP level 1. HP: 19/19 MP: 0/0
    16 | D:1      | Found a faded altar of an unknown god.
   269 | D:1      | Reached XP level 2. HP: 27/27 MP: 1/1
   746 | D:2      | Upgraded the game from 0.31-a0-981-geadf994542 to
                  | 0.31-a0-986-g5e6e4ef867
   792 | D:2      | Slain by a gnoll

Illustrated notes

Levels and vault maps discovered:
D:1:      saegor_arrival_miasma, layout_loops_ring,
          ebering_ecumenical_altar_sacrificial
D:2:      layout_rooms

Skill      XL: |  1  2 |
---------------+-------+-----
Fighting       | 4 |  4.0
Armour         | 4 |  4.0
Shields        | 4 |  4.0
Axes           | |  2.9

Action                     || total
---------------------------++-------
  Melee: War axe           ||    35
         Headbutt          ||     5
 Armour: Scale mail        ||    17
  Dodge: Dodged            ||    20
  Block: Buckler           ||     7

Table legend: (Time is in decaauts)
 A = Elapsed time spent in this place.
 B = Non-inter-level travel time spent in this place.
 C = Inter-level travel time spent in this place.
 D = Time resting spent in this place.
 E = Time spent auto-exploring this place.
 F = Levels seen in this place.
 G = Mean time per level.
                   A        B        C        D        E       F      G
               +--------+--------+--------+--------+--------+-----+--------+
         Total |    805 |    760 |     45 |      0 |    612 |   2 |  402.5 |
       Dungeon |    805 |    760 |     45 |      0 |    612 |   2 |  402.5 |
               +--------+--------+--------+--------+--------+-----+--------+

Top non-repeatable levels by time:
     D:1: 724 daAuts
     D:2: 80 daAuts
